| TOP OF THE 1ST |
|
Manchester Fisher Cats batting - Pitching for Pittsfield Colonials : RHP Dave Stieb
|
|
Pitching: RHP Dave Stieb
|
|
|
Batting: RHB Kevin Darst
|
0-0: Ball 1-0: Foul Ball, location: 2F 1-1: Ball 2-1: Called Strike 2-2: Ball 3-2: Fly out, F9 (Flyball, 9LS, EV 90.0 MPH)
|
|
Batting: LHB Tim Derryberry
|
0-0: Called Strike 0-1: Ball 1-1: Called Strike 1-2: Strikes out swinging
|
|
Batting: SHB Stan Javier
|
0-0: Ball 1-0: Ball 2-0: Foul Ball, location: 2F 2-1: TRIPLE (Line Drive, 89XD, EV 105.0 MPH)
|
|
Batting: LHB Carlos Cabassa
|
0-0: Ball 1-0: Ball 2-0: Foul Ball, location: 2F 2-1: SINGLE (Groundball, 4D, EV 102.5 MPH) Stan Javier scores
|
|
Batting: LHB Jessie Reid
|
0-0: Called Strike 0-1: Ball 1-1: Ball 2-1: Swinging Strike 2-2: Fly out, F6 (Flyball, 56D, EV 88.8 MPH)
|
| Top of the 1st over - 1 run, 2 hits, 0 errors, 1 left on base; Manchester 1 - Pittsfield 0 |
| BOTTOM OF THE 1ST |
|
Pittsfield Colonials batting - Pitching for Manchester Fisher Cats : RHP Scott Roberts
|
|
Pitching: RHP Scott Roberts
|
|
|
Batting: SHB Steve Scafa
|
0-0: Called Strike 0-1: Ball 1-1: Ball 2-1: Ball 3-1: Base on Balls
|
|
Batting: SHB Allan Wilkerson
|
0-0: Ball 1-0: Ball 2-0: Called Strike 2-1: Foul Ball, location: 2F 2-2: Strikes out looking
|
|
Batting: LHB James Wojcik
|
0-0: Ball 1-0: Ball Steve Scafa steals 2nd base 2-0: Ball 3-0: Swinging Strike 3-1: Foul Ball, location: 2F 3-2: Fly out, F7 (Line Drive, 7, EV 85.6 MPH)
|
|
Batting: SHB Mitch Webster
|
0-0: Ball 1-0: Called Strike 1-1: Foul Ball, location: 2F 1-2: SINGLE (Flyball, 5D, EV 91.9 MPH) Steve Scafa to third Runner from 3rd tries for Home, SAFE, throw by LF to home
|
|
Batting: LHB Armando Ortiz
|
0-0: Ball 1-0: Foul Ball, location: 2F 1-1: Foul Ball, location: 2F 1-2: DOUBLE (Line Drive, 89D, EV 103.8 MPH) Mitch Webster to third Runner from 3rd tries for Home, SAFE, no throw by CF
|
|
Batting: SHB Felipe Gracia
|
0-0: Foul Ball, location: 2F 0-1: Fly out, F8 (Flyball, 8LM, EV 93.1 MPH)
|
| Bottom of the 1st over - 2 runs, 2 hits, 0 errors, 1 left on base; Manchester 1 - Pittsfield 2 |
| TOP OF THE 2ND |
|
Manchester Fisher Cats batting - Pitching for Pittsfield Colonials : RHP Dave Stieb
|
|
Batting: LHB Herbert Orensky
|
0-0: Foul Ball, location: 2F 0-1: Ball 1-1: Ball 2-1: Called Strike 2-2: Foul Ball, location: 2F 2-2: Ball 3-2: Base on Balls
|
|
Batting: SHB Danny Hernandez
|
0-0: Ball 1-0: Ball 2-0: Swinging Strike 2-1: Ball Balk! Herbert Orensky to second 3-1: Base on Balls
|
|
Batting: RHB Tony Stevens
|
0-0: Ball 1-0: Ball 2-0: Foul Ball, location: 2F 2-1: Ball 3-1: Base on Balls Herbert Orensky to third Danny Hernandez to second
|
|
Batting: RHB Reymundo Estevez
|
0-0: Ball 1-0: Fielders Choice at 2nd, 5-4 (Groundball, 56, EV 88.8 MPH) Herbert Orensky scores Danny Hernandez to third
|
|
Batting: RHB Kevin Darst
|
0-0: Swinging Strike 0-1: Foul Ball, location: 2F 0-2: Fly out, F7 (Flyball, 7D, EV 96.3 MPH) Runner from 3rd tags up, SCORES, no throw by LF
|
|
Batting: LHB Tim Derryberry
|
0-0: Ball 1-0: Fly out, F9 (Line Drive, 9LM, EV 103.1 MPH)
|
| Top of the 2nd over - 2 runs, 0 hits, 0 errors, 1 left on base; Manchester 3 - Pittsfield 2 |
| BOTTOM OF THE 2ND |
|
Pittsfield Colonials batting - Pitching for Manchester Fisher Cats : RHP Scott Roberts
|
|
Batting: RHB Steven Ramler
|
0-0: Called Strike 0-1: Ball 1-1: Ball 2-1: SINGLE (Line Drive, 6D, EV 99.4 MPH)
|
|
Batting: SHB David Enos
|
0-0: Ball 1-0: Called Strike 1-1: Called Strike 1-2: Ball 2-2: Ball 3-2: Foul Ball, location: 2F 3-2: Strikes out swinging
|
|
Batting: RHB Juan Castro
|
0-0: Foul Ball, location: 2F 0-1: Foul Ball, location: 2F 0-2: Strikes out swinging
|
|
Batting: SHB Steve Scafa
|
0-0: Called Strike 0-1: Ball 1-1: Swinging Strike 1-2: Foul Ball, location: 2F 1-2: Foul Ball, location: 2F 1-2: Strikes out swinging
|
| Bottom of the 2nd over - 0 runs, 1 hit, 0 errors, 1 left on base; Manchester 3 - Pittsfield 2 |
| TOP OF THE 3RD |
|
Manchester Fisher Cats batting - Pitching for Pittsfield Colonials : RHP Dave Stieb
|
|
Batting: SHB Stan Javier
|
0-0: Ball 1-0: Ball 2-0: SINGLE (Groundball, 4, EV 98.1 MPH)
|
|
Batting: LHB Carlos Cabassa
|
0-0: Foul Ball, location: 2F 0-1: Ball 1-1: Called Strike 1-2: Foul Ball, location: 2F 1-2: Foul Ball, location: 2F 1-2: TRIPLE (Flyball, 89XD, EV 102.5 MPH) Stan Javier scores
|
|
Batting: LHB Jessie Reid
|
0-0: Foul Ball, location: 2F 0-1: Ball 1-1: Fly out, F7 (Flyball, 7D, EV 104.4 MPH) Runner from 3rd tags up, SCORES, throw by LF
|
|
Batting: LHB Herbert Orensky
|
0-0: Called Strike 0-1: Ball 1-1: Ball 2-1: Called Strike 2-2: Ball 3-2: Ground out 4-3 (Groundball, 4, EV 105.0 MPH)
|
|
Batting: SHB Danny Hernandez
|
0-0: Ball 1-0: Foul Ball, location: 2F 1-1: Ground out 6-3 (Groundball, 6M, EV 87.5 MPH)
|
| Top of the 3rd over - 2 runs, 2 hits, 0 errors, 0 left on base; Manchester 5 - Pittsfield 2 |
| BOTTOM OF THE 3RD |
|
Pittsfield Colonials batting - Pitching for Manchester Fisher Cats : RHP Scott Roberts
|
|
Batting: SHB Allan Wilkerson
|
0-0: Ball 1-0: Ball 2-0: Called Strike 2-1: Called Strike 2-2: Foul Ball, location: 2F 2-2: Foul Ball, location: 2F 2-2: Foul Ball, location: 2F 2-2: Ball 3-2: Fly out, F8 (Flyball, 8LM, EV 89.4 MPH)
|
|
Batting: LHB James Wojcik
|
0-0: DOUBLE (Groundball, 3L, EV 105.6 MPH)
|
|
Batting: SHB Mitch Webster
|
0-0: Swinging Strike 0-1: SINGLE (Groundball, 6MD, EV 95.6 MPH) James Wojcik to third Runner from 3rd tries for Home, SAFE, throw by CF to home
|
|
Batting: LHB Armando Ortiz
|
0-0: Ball Mitch Webster is caught stealing 2nd base 2-6 1-0: Called Strike 1-1: Ground out 1-3 (Groundball, 34S, EV 61.9 MPH)
|
| Bottom of the 3rd over - 1 run, 2 hits, 0 errors, 0 left on base; Manchester 5 - Pittsfield 3 |
| TOP OF THE 4TH |
|
Manchester Fisher Cats batting - Pitching for Pittsfield Colonials : RHP Dave Stieb
|
|
Batting: RHB Tony Stevens
|
0-0: Called Strike 0-1: Ball 1-1: Swinging Strike 1-2: Ball 2-2: Strikes out swinging
|
|
Batting: RHB Reymundo Estevez
|
0-0: Ball 1-0: Ball 2-0: SINGLE (Line Drive, 6D, EV 94.4 MPH)
|
|
Batting: RHB Kevin Darst
|
0-0: Ball Reymundo Estevez steals 2nd base 1-0: Swinging Strike 1-1: Swinging Strike 1-2: Foul Ball, location: 2F 1-2: Ball 2-2: Foul Ball, location: 2F 2-2: Fly out, F5 (Popup, 5F, EV 69.4 MPH)
|
|
Batting: LHB Tim Derryberry
|
0-0: Called Strike 0-1: Ball 1-1: Foul Ball, location: 2F 1-2: Ball Wild Pitch! Reymundo Estevez to third 2-2: Ground out 4-3 (Groundball, 4D, EV 97.5 MPH)
|
| Top of the 4th over - 0 runs, 1 hit, 0 errors, 1 left on base; Manchester 5 - Pittsfield 3 |
| BOTTOM OF THE 4TH |
|
Pittsfield Colonials batting - Pitching for Manchester Fisher Cats : RHP Scott Roberts
|
|
Batting: SHB Felipe Gracia
|
0-0: Called Strike 0-1: Foul Ball, location: 2F 0-2: Foul Ball, location: 2F 0-2: Ball 1-2: Ball 2-2: Ball 3-2: Base on Balls
|
|
Batting: RHB Steven Ramler
|
0-0: Called Strike 0-1: Ball Felipe Gracia is caught stealing 2nd base 2-4 1-1: Ball 2-1: Called Strike 2-2: Strikes out swinging
|
|
Batting: SHB David Enos
|
0-0: Ball 1-0: Called Strike 1-1: Ground out 4-3 (Groundball, 4, EV 88.8 MPH)
|
| Bottom of the 4th over - 0 runs, 0 hits, 0 errors, 0 left on base; Manchester 5 - Pittsfield 3 |
| TOP OF THE 5TH |
|
Manchester Fisher Cats batting - Pitching for Pittsfield Colonials : RHP Dave Stieb
|
|
Batting: SHB Stan Javier
|
0-0: Foul Ball, location: 2F 0-1: Ball 1-1: Ball 2-1: Foul Ball, location: 2F 2-2: Ball 3-2: Fly out, F5 (Popup, 56S, EV 81.3 MPH)
|
|
Batting: LHB Carlos Cabassa
|
0-0: Ball 1-0: Ball 2-0: SINGLE (Groundball, P, EV 82.5 MPH) (infield hit)
|
|
Batting: LHB Jessie Reid
|
0-0: Ball 1-0: Called Strike 1-1: Ball Carlos Cabassa is caught stealing 2nd base 2-6 2-1: Called Strike 2-2: Ball 3-2: Fly out, F8 (Flyball, 8RXD, EV 103.8 MPH)
|
| Top of the 5th over - 0 runs, 1 hit, 0 errors, 0 left on base; Manchester 5 - Pittsfield 3 |
| BOTTOM OF THE 5TH |
|
Pittsfield Colonials batting - Pitching for Manchester Fisher Cats : RHP Scott Roberts
|
|
Batting: RHB Juan Castro
|
0-0: Ball 1-0: Foul Ball, location: 2F 1-1: Ball 2-1: Called Strike 2-2: Foul Ball, location: 2F 2-2: Foul Ball, location: 2F 2-2: Strikes out swinging
|
|
Batting: SHB Steve Scafa
|
0-0: Ball 1-0: Called Strike 1-1: Swinging Strike 1-2: Ball 2-2: Ball 3-2: Base on Balls
|
|
Batting: SHB Allan Wilkerson
|
0-0: Ball 1-0: Foul Ball, location: 2F 1-1: Ball 2-1: Swinging Strike 2-2: Fielders Choice at 2nd, 4-6 (Groundball, 34, EV 91.9 MPH)
|
|
Batting: LHB James Wojcik
|
0-0: Ball 1-0: Ball 2-0: Called Strike 2-1: Swinging Strike 2-2: Foul Ball, location: 2F 2-2: Fielders Choice at 2nd, 6-4 (Groundball, 6, EV 98.8 MPH)
|
| Bottom of the 5th over - 0 runs, 0 hits, 0 errors, 1 left on base; Manchester 5 - Pittsfield 3 |
| TOP OF THE 6TH |
|
Manchester Fisher Cats batting - Pitching for Pittsfield Colonials : RHP Dave Stieb
|
|
Batting: LHB Herbert Orensky
|
0-0: Called Strike 0-1: Ball 1-1: Foul Ball, location: 2F 1-2: Ball 2-2: Foul Ball, location: 2F 2-2: Strikes out swinging
|
|
Batting: SHB Danny Hernandez
|
0-0: Ball 1-0: SINGLE (Flyball, 8LS, EV 86.9 MPH)
|
|
Batting: RHB Tony Stevens
|
0-0: Ball 1-0: Ground out 4-3 (Groundball, 13, EV 83.1 MPH) Danny Hernandez to second
|
|
Batting: RHB Reymundo Estevez
|
0-0: Ball 1-0: Called Strike 1-1: Called Strike 1-2: Ground out 4-3 (Groundball, 4, EV 76.9 MPH)
|
| Top of the 6th over - 0 runs, 1 hit, 0 errors, 1 left on base; Manchester 5 - Pittsfield 3 |
| BOTTOM OF THE 6TH |
|
Pittsfield Colonials batting - Pitching for Manchester Fisher Cats : RHP Scott Roberts
|
|
Batting: SHB Mitch Webster
|
0-0: Called Strike 0-1: Called Strike 0-2: Fly out, F7 (Flyball, 7LM, EV 101.3 MPH)
|
|
Batting: LHB Armando Ortiz
|
0-0: Ball 1-0: DOUBLE (Line Drive, 7D, EV 89.4 MPH)
|
|
Batting: SHB Felipe Gracia
|
0-0: Swinging Strike 0-1: Foul Ball, location: 2F 0-2: Ball 1-2: Ball 2-2: Strikes out swinging
|
|
Batting: RHB Steven Ramler
|
0-0: Ball 1-0: Ball 2-0: Fly out, F8 (Flyball, 8RD, EV 85.0 MPH)
|
| Bottom of the 6th over - 0 runs, 1 hit, 0 errors, 1 left on base; Manchester 5 - Pittsfield 3 |
| TOP OF THE 7TH |
|
Manchester Fisher Cats batting - Pitching for Pittsfield Colonials : RHP Dave Stieb
|
|
Pitching: LHP Jackie Smith
|
|
|
Batting: RHB Kevin Darst
|
0-0: Called Strike 0-1: Swinging Strike 0-2: Ball 1-2: Strikes out swinging
|
|
Batting: LHB Tim Derryberry
|
0-0: Ball 1-0: Called Strike 1-1: Foul Ball, location: 2F 1-2: Strikes out looking
|
|
Batting: SHB Stan Javier
|
0-0: Foul Ball, location: 2F 0-1: Ground out U3 (Groundball, 13, EV 81.3 MPH)
|
| Top of the 7th over - 0 runs, 0 hits, 0 errors, 0 left on base; Manchester 5 - Pittsfield 3 |
| BOTTOM OF THE 7TH |
|
Pittsfield Colonials batting - Pitching for Manchester Fisher Cats : RHP Scott Roberts
|
|
Batting: SHB David Enos
|
0-0: Called Strike 0-1: Foul Ball, location: 2F 0-2: Ball 1-2: Ball 2-2: Strikes out swinging
|
|
Batting: RHB Juan Castro
|
0-0: Foul Ball, location: 2F 0-1: Foul Ball, location: 2F 0-2: Ball 1-2: Foul Ball, location: 2F 1-2: Ball 2-2: Fly out, F7 (Flyball, 7LM, EV 80.6 MPH)
|
|
Batting: SHB Steve Scafa
|
0-0: Called Strike 0-1: Foul Ball, location: 2F 0-2: Ball 1-2: Foul Ball, location: 2F 1-2: Ball 2-2: Foul Ball, location: 2F 2-2: Foul Ball, location: 2F 2-2: Ball 3-2: SINGLE (Flyball, 7S, EV 99.4 MPH)
|
|
Pitching: RHP Jesse Flores
|
|
|
Batting: SHB Allan Wilkerson
|
0-0: Ball 1-0: Foul Ball, location: 2F 1-1: Swinging Strike 1-2: Strikes out swinging
|
| Bottom of the 7th over - 0 runs, 1 hit, 0 errors, 1 left on base; Manchester 5 - Pittsfield 3 |
| TOP OF THE 8TH |
|
Manchester Fisher Cats batting - Pitching for Pittsfield Colonials : LHP Jackie Smith
|
|
Batting: LHB Carlos Cabassa
|
0-0: Ground out 3-1 (Groundball, 34, EV 88.8 MPH)
|
|
Batting: LHB Jessie Reid
|
0-0: Ball 1-0: Ball 2-0: Ball 3-0: Called Strike 3-1: Base on Balls
|
|
Batting: LHB Herbert Orensky
|
0-0: Ball Wild Pitch! Jessie Reid to second 1-0: Ball 2-0: Swinging Strike 2-1: Foul Ball, location: 2F 2-2: Ball 3-2: Foul Ball, location: 2F 3-2: Base on Balls
|
|
Batting: SHB Danny Hernandez
|
0-0: Ball Jessie Reid steals 3rd base Herbert Orensky to second 1-0: Ball 2-0: Swinging Strike 2-1: Fly out, F9 (Flyball, 9D, EV 75.0 MPH) Runner from 3rd tags up, SCORES, no throw by RF
|
|
Batting: RHB Tony Stevens
|
0-0: Ground out 6-3 (Groundball, 6, EV 100.6 MPH)
|
| Top of the 8th over - 1 run, 0 hits, 0 errors, 1 left on base; Manchester 6 - Pittsfield 3 |
| BOTTOM OF THE 8TH |
|
Pittsfield Colonials batting - Pitching for Manchester Fisher Cats : RHP Jesse Flores
|
|
Now at C: Buddy Pryor
|
|
|
Now at 1B: Joe Citari
|
|
|
Now at 3B: Randy Johnson
|
|
|
Now in RF: Mel Hall
|
|
|
Batting: LHB James Wojcik
|
0-0: Swinging Strike 0-1: Ball 1-1: Foul Ball, location: 2F 1-2: Ball 2-2: Foul Ball, location: 2F 2-2: Ball 3-2: Strikes out looking
|
|
Batting: SHB Mitch Webster
|
0-0: Called Strike 0-1: Foul Ball, location: 2F 0-2: Ball 1-2: Ball 2-2: DOUBLE (Flyball, 78XD, EV 111.9 MPH)
|
|
Batting: LHB Armando Ortiz
|
0-0: Fly out, F8 (Flyball, 8RD, EV 89.4 MPH) Runner from 2nd tags up, SAFE at 3rd with throw by CF
|
|
Batting: SHB Felipe Gracia
|
0-0: Ball 1-0: Swinging Strike 1-1: Called Strike 1-2: Strikes out swinging
|
| Bottom of the 8th over - 0 runs, 1 hit, 0 errors, 1 left on base; Manchester 6 - Pittsfield 3 |
| TOP OF THE 9TH |
|
Manchester Fisher Cats batting - Pitching for Pittsfield Colonials : LHP Jackie Smith
|
|
Batting: RHB Reymundo Estevez
|
0-0: Called Strike 0-1: Foul Ball, location: 2F 0-2: Foul Ball, location: 2F 0-2: Ball 1-2: Foul Ball, location: 2F 1-2: Strikes out swinging
|
|
Batting: RHB Joe Citari
|
0-0: Called Strike 0-1: Ball 1-1: Foul Ball, location: 2F 1-2: Ball 2-2: Foul Ball, location: 2F 2-2: Foul Ball, location: 2F 2-2: Ground out 4-3 (Groundball, 4, EV 94.4 MPH)
|
|
Batting: LHB Tim Derryberry
|
0-0: Fly out, F9 (Flyball, 9, EV 92.5 MPH)
|
| Top of the 9th over - 0 runs, 0 hits, 0 errors, 0 left on base; Manchester 6 - Pittsfield 3 |
| BOTTOM OF THE 9TH |
|
Pittsfield Colonials batting - Pitching for Manchester Fisher Cats : RHP Jesse Flores
|
|
Now in LF: Mike Ciampa
|
|
|
Now in CF: Paul Croft
|
|
|
Batting: RHB Steven Ramler
|
0-0: Ball 1-0: SINGLE (Line Drive, 4MD, EV 104.4 MPH)
|
|
Batting: SHB David Enos
|
0-0: Ball 1-0: Ball 2-0: Foul Ball, location: 2F 2-1: Called Strike 2-2: Ball 3-2: Strikes out swinging
|
|
Batting: RHB Juan Castro
|
0-0: Called Strike 0-1: Ball 1-1: Grounds into double play, 4-6-3 (Groundball, 4MD, EV 83.1 MPH)
|
| Bottom of the 9th over - 0 runs, 1 hit, 0 errors, 0 left on base; Manchester 6 - Pittsfield 3 |
|